 Dungeon Crawl Stone Soup version 0.30.1-8-g117510f58f (webtiles) character file.

Game seed: 14978696687861554215

958 ringo67 the Shooter (level 8, -4/48 HPs)
             Began as a Kobold Hexslinger on Sept 22, 2023.
             Was an Initiate of Hepliaklqana.
             Slain by a killer bee (6 damage)
             ... on level 8 of the Dungeon on Sept 23, 2023.
             The game lasted 00:49:59 (7926 turns).

ringo67 the Shooter (Kobold Hexslinger)             Turns: 7926, Time: 00:50:00

Health: -4/48      AC:  8    Str:  7    XL:     8   Next: 37%
Magic:  9/9        EV: 15    Int: 14    God:    Hepliaklqana [......]
Gold:   327        SH:  0    Dex: 18    Spells: 8/9 levels left

rFire   . . .        a - +1 sling
rCold   . . .        (no shield)
rNeg    . . .        g - +0 ring mail
rPois   .            l - +0 helmet
rElec   .            o - +0 cloak
rCorr   .            (no gloves)
SInv    .            k - +0 pair of boots
Will    .....        (no amulet)
Stlth   ++           (no ring)
HPRegen 0.28/turn    (no ring)
MPRegen 0.11/turn

%: no passive effects
@: lethally poisoned (-4 -> -11), weak-willed
A: small, no large weapons, nightstalker 3
a: Renounce Religion


You were on level 8 of the Dungeon.
You worshipped Hepliaklqana.
Hepliaklqana was noncommittal.
You visited 2 branches of the dungeon, and saw 9 of its levels.

You collected 327 gold pieces.

Inventory:

Hand Weapons
 a - a +1 sling (weapon)
 j - a +1 dagger of venom
Missiles
 h - 14 poisoned darts
Armour
 g - a +0 ring mail (worn)
 k - a +0 pair of boots (worn)
 l - a +0 helmet (worn)
 o - a +0 cloak (worn)
 q - an orb of energy
Magical Staves
 i - a staff of poison
Jewellery
 A - an amulet of magic regeneration
Wands
 t - a wand of mindburst (2)
 x - a wand of iceblast (2)
 y - a wand of digging (6)
Scrolls
 b - a scroll of poison
 d - a scroll of enchant weapon {unknown}
 e - 3 scrolls of identify
 u - a scroll of vulnerability
 v - a scroll of brand weapon {unknown}
Potions
 f - 2 potions of curing
 n - a potion of heal wounds {unknown}
 p - 2 potions of might {unknown}
 r - a potion of experience {unknown}
 s - a potion of degeneration {unknown}
 w - 2 potions of lignification {unknown}
 z - 2 potions of mutation {unknown}
 B - a potion of brilliance {unknown}
 C - a potion of berserk rage {unknown}


   Skills:
 - Level 4.2 Fighting
 + Level 7.5 Ranged Weapons
 + Level 6.8 Dodging
 - Level 1.1 Spellcasting
 - Level 4.2 Hexes


You had 8 spell levels left.
You knew the following spells:

 Your Spells              Type           Power      Damage    Failure   Level
a - Slow                  Hex            48%        N/A       16%         1

Your spell library contained the following spells:

 Spells                   Type           Power      Damage    Failure   Level
 Ensorcelled Hibernation  Hex/Ice        12%        N/A       52%         2
 Inner Flame              Hex/Fire       6%         N/A       75%         3
 Portal Projectile        Hex/Tloc       12%        N/A       75%         3
 Cause Fear               Hex            6%         N/A       85%         4
 Ozocubu's Armour         Ice            0%         N/A       95%         3
 Spider Form              Tmut/Pois      0%         N/A       95%         3
 Vhi's Electric Charge    Tloc/Air       0%         N/A       95%         3
 Anguish                  Hex/Necr       3%         N/A       98%         4
 Arcjolt                  Conj/Air       0%         1d10      100%        5
 Plasma Beam              Fire/Air       0%         2x1d11    100%        6
 Ozocubu's Refrigeration  Ice            0%         4d7       100%        7


Dungeon Overview and Level Annotations

Branches:
Dungeon (8/15)             Temple (1/1) D:6
   Lair: D:8-11

Altars:
Cheibriados
Dithmenos
Elyvilon
Fedhas
Hepliaklqana
Makhleb
Okawaru
Qazlal
Ru
Sif Muna
Trog
Uskayaw
Vehumet
Wu Jian
Xom
Yredelemnul
Zin
The Shining One

Shops:
D:3 ?

Annotations:
D:4 Grinder
D:6 Menkaure
D:7 Pikel


Innate Abilities, Weirdness & Mutations

You are small and have problems with some larger weapons.
You are completely attuned to the shadows.


Message History

The wyvern bites you but does no damage.
The bullfrog misses you.
The killer bee attacks as you move away!
The killer bee stings you but does no damage.
The killer bee closely misses you. The wyvern bites you!
* * * LOW HITPOINT WARNING * * *
The wyvern attacks as you move away! The wyvern misses you.
The wyvern attacks as you move away! The wyvern closely misses you.
The wyvern barely misses you. The wyvern attacks as you move away!
The wyvern closely misses you.
Found a wand of iceblast (7).
The bullfrog attacks as you move away! The bullfrog completely misses you.
The wyvern attacks as you move away! The wyvern closely misses you.
The wyvern misses you. The wyvern attacks as you move away!
The wyvern bites you but does no damage.
The bullfrog barely misses you. The wyvern bites you!
* * * LOW HITPOINT WARNING * * *
You feel better. The bullfrog misses you. The killer bee misses you.
The wyvern barely misses you.
The bullfrog hits you but does no damage.
As you read the scroll labelled VYSHRU JENYL, it crumbles to dust.
Magic quickly surges around you.
It was a scroll of vulnerability.
The wyvern barely misses you. The killer bee misses you.
The killer bee stings you.
* * * LOW HITPOINT WARNING * * *
The bullfrog misses you. The killer bee barely misses you.
The wyvern misses you. The killer bee closely misses you.
As you read the scroll labelled HAIMMI ETICAN, it crumbles to dust.
You hear a loud clanging noise!
It was a scroll of noise.
You hear an angry hiss.
You hear a shout! x2
The bullfrog hits you but does no damage.
The killer bee stings you!
* * * LOW HITPOINT WARNING * * *
You are lethally poisoned!
The killer bee poisons you! The killer bee stings you.
You die...

####.#....# #.....
.....y.D..###.....
.....#.....##.(...
.....#.....##.....
...$.#..........#+
....D#####......#
.......# ##.....#
###.Fly# ####...
#..@y# ##. #.../#
######


You could see a steam dragon (weak-willed), a wyvern (weak-willed), a bullfrog
(weak-willed) and 2 killer bees.

Vanquished Creatures
  A water moccasin (D:7)
  A black bear (D:5)
  2 lemures (D:6)
  2 bullfrogs
  2 howler monkeys (D:6)
  5 hounds
  2 jellies
  Crazy Yiuf (D:2)
  An iguana (D:6)
  3 orc wizards
  Natasha (D:2)
  Robin (D:2)
  4 adders
  2 white imps (D:6)
  2 ufetubi
  2 dart slugs
  16 orcs
  4 bats
  15 endoplasms
  2 giant cockroaches
  11 goblins
  4 hobgoblins
  11 jackals
  5 quokkas
  6 ball pythons
  4 frilled lizards
  7 kobolds
  5 rats
122 creatures vanquished.

Notes
Turn   | Place    | Note
-------+----------+-------------------------------------------
     0 | D:1      | ringo67 the Kobold Hexslinger began the quest for the Orb.
     0 | D:1      | Reached XP level 1. HP: 12/12 MP: 2/2
   137 | D:1      | Reached skill level 3 in Ranged Weapons
   137 | D:1      | Reached XP level 2. HP: 16/16 MP: 3/3
   356 | D:1      | Reached XP level 3. HP: 20/21 MP: 4/4
  1374 | D:2      | Reached XP level 4. HP: 27/27 MP: 5/5
  1376 | D:2      | Noticed Robin
  1435 | D:2      | Killed Robin
  1487 | D:2      | Reached skill level 4 in Ranged Weapons
  1826 | D:2      | Reached XP level 5. HP: 32/32 MP: 6/6
  1858 | D:2      | Found a runed translucent door.
  1858 | D:2      | Noticed Natasha
  1865 | D:2      | Killed Natasha
  1868 | D:2      | Noticed Crazy Yiuf
  2249 | D:2      | Killed Crazy Yiuf
  2506 | D:3      | Identified the +3 great sword of Fear {speed, *Noise +Blink
                  | Fly rN++}
  2631 | D:3      | Noticed an angel
  2632 | D:3      | Found a glowing silver altar of Zin.
  2642 | D:3      | Found a shimmering altar of Xom.
  2970 | D:3      | Reached XP level 6. HP: 37/37 MP: 7/7
  3163 | D:3      | Found Maur's Magic Scroll Shoppe.
  3470 | D:4      | Noticed Grinder
  3841 | D:4      | Found a bloodstained altar of Trog.
  4043 | D:5      | Entered Level 5 of the Dungeon
  4053 | D:5      | Reached skill level 5 in Ranged Weapons
  4686 | D:5      | Found a stormy altar of Qazlal.
  4714 | D:5      | Found a burning altar of Makhleb.
  4804 | D:5      | Reached skill level 5 in Dodging
  4844 | D:5      | Reached XP level 7. HP: 43/43 MP: 8/8
  4862 | D:5      | Noticed a two-headed ogre
  5130 | D:5      | Reached skill level 6 in Ranged Weapons
  5270 | D:6      | Noticed a water moccasin
  5311 | D:7      | HP: 2/43 [water moccasin (7)]
  5334 | D:7      | Killed a water moccasin
  5469 | D:7      | Noticed a yak
  5469 | D:7      | Noticed a yak
  5469 | D:7      | Noticed a yak
  5603 | D:6      | Reached XP level 8. HP: 48/48 MP: 9/9
  5652 | D:6      | HP: 1/48 [white imp/puff of frost (5)]
  5785 | D:6      | Found a staircase to the Ecumenical Temple.
  5791 | Temple   | Entered the Ecumenical Temple
  5877 | Temple   | Became a worshipper of Hepliaklqana the Forgotten
  6283 | D:6      | Reached skill level 7 in Ranged Weapons
  6351 | D:6      | Noticed Menkaure
  6566 | D:7      | Noticed a yak
  6712 | D:7      | Noticed Pikel
  6861 | D:6      | Found a snail-covered altar of Cheibriados.
  7905 | D:8      | Noticed a wyvern
  7923 | D:8      | HP: 1/48 [wyvern (10)]
  7926 | D:8      | Slain by a killer bee

Illustrated notes

Levels and vault maps discovered:
D:1:      amcnicky_arrival_choice, layout_loops_corners
D:2:      layout_loops_ring, uniq_crazy_yiuf_cottage, uniq_natasha, uniq_robin
D:3:      layout_rooms, grunt_temple_overflow_order_and_chaos_1, serial_shops,
          nicolae_shop_back_alley_shop, kennysheep_generic_room_12
D:4:      layout_gridville, lemuel_tele_altar, chequers_garden, uniq_grinder
D:5:      layout_rooms, bloody_makhleb, nicolae_qazlal_scattered_showers
D:6:      minmay_recursive_quarters, layout_cave_pools,
          mainiacjoe_overflow_alcove_1, minmay_temple_entry_nine_rooms,
          uniq_menkaure
D:7:      layout_rooms, lemuel_crystal_altar, enter_ossuary_4, uniq_joseph,
          uniq_maggie, uniq_pikel
D:8:      layout_basic
Temple:   minmay_temple_bridge_abc

Skill      XL: |  1  2  3  4  5  6  7  8 |
---------------+-------------------------+-----
Ranged Weapons | 3 4 5 6 7 |  7.5
Dodging        | 3 4 5 6 |  6.8
Fighting       | 2 3 4 |  4.2
Hexes          | 4 |  4.2
Spellcasting   | |  1.1

Action                     |  1- 3 |  4- 6 |  7- 9 || total
---------------------------+-------+-------+-------++-------
   Fire: Sling             |   116 |   227 |   219 ||   562
   Cast: Slow              |       |     3 |    25 ||    28
  Evoke: Wand              |       |       |     2 ||     2
    Use: Potion            |       |       |     6 ||     6
         Scroll            |       |       |     9 ||     9
 Armour: Robe              |     5 |       |       ||     5
         Ring mail         |     1 |    74 |   105 ||   180
  Dodge: Dodged            |    62 |   147 |   277 ||   486
